 Dungeon Crawl Stone Soup version 0.31-a0-851-g7ff8af7976 (webtiles) character file.

Game seed: 15486531839165825143

49 santy the Covered (level 4, 0/35 HPs)
             Began as a Human Fighter on Oct 5, 2023.
             Was a Follower of the Shining One.
             Killed by nerve-wracking pain
             ... invoked by a shadow imp
              (1 damage)
             ... on level 4 of the Dungeon.
             The game lasted 00:16:09 (3634 turns).

santy the Covered (Human Fighter)                   Turns: 3634, Time: 00:16:10

Health: 0/35       AC:  6    Str: 19    XL:     4   Next: 2%
Magic:  4/4        EV:  9    Int:  8    God:    the Shining One [*.....]
Gold:   114        SH:  4    Dex: 12    Spells: 3/3 levels left

rFire   . . .        a - +0 long sword
rCold   . . .        c - +0 buckler
rNeg    . . .        b - +0 scale mail
rPois   .            (helmet currently unavailable)
rElec   .            (cloak currently unavailable)
rCorr   .            (gloves currently unavailable)
SInv    .            (boots currently unavailable)
Will    .....        (no amulet) Stlth
                     (no ring)
HPRegen 0.25/turn    (no ring)
MPRegen 0.09/turn

%: no passive effects
@: beast-form, glowing
A: beast (slay +0)
a: Begin Untransformation, Renounce Religion, Divine Shield


You were on level 4 of the Dungeon.
You worshipped the Shining One.
The Shining One was aware of your devotion.
You were a hulking beast.
You visited 1 branch of the dungeon, and saw 4 of its levels.

You collected 114 gold pieces.

Inventory:

Hand Weapons
 a - a +0 long sword (weapon)
 f - a +0 sling
 s - a +0 war axe
 t - a +0 mace
Missiles
 g - 19 stones
 p - 5 javelins
 w - a throwing net
Armour
 b - a +0 scale mail (worn)
 c - a +0 buckler (worn)
 m - a +0 ring mail
 o - a +0 robe
 y - a +0 pair of gloves
Jewellery
 z - a +4 ring of slaying
Talismans
 n - a beast talisman (active)
 v - a talisman of death
Wands
 A - a wand of flame (12)
Scrolls
 e - a scroll of amnesia {unknown}
 i - 2 scrolls of poison {unknown}
 k - 2 scrolls of identify {unknown}
 l - 2 scrolls of immolation
 r - 2 scrolls of fog {unknown}
 x - a scroll of noise {unknown}
Potions
 d - a potion of might
 h - a potion of curing {unknown}
 j - a potion of heal wounds {unknown}
 q - 2 potions of magic {unknown}
 u - a potion of lignification {unknown}


   Skills:
 + Level 3.3 Fighting
 + Level 2.6 Long Blades
 + Level 3.5 Armour
 + Level 0.4 Dodging
 + Level 3.1 Shields
 + Level 0.3 Shapeshifting


You had 3 spell levels left.
You didn't know any spells.
Your spell library contained the following spells:

 Spells                   Type           Power      Damage    Failure   Level
 Poisonous Vapours        Pois/Air       0%         N/A       94%         2
 Mephitic Cloud           Conj/Pois/Air  0%         N/A       99%         3
 Freezing Cloud           Conj/Ice/Air   0%         6-21      100%        5


Dungeon Overview and Level Annotations

Branches:
Dungeon (4/15)
 Temple: D:4-7

Altars:
Zin
The Shining One

Shops:
D:1 !

Annotations:
D:4 1 transporter


Message History

You can't go up here!
You open the door.
The shadow imp shouts, "Back with thee, thou frothy dizzy-eyed bloater!"
The shadow imp gestures at you. Pain shoots through your body!
The orc priest mumbles some strange prayers to Beogh against you.
Beogh smites you! The shadow imp gestures at you.
Pain shoots through your body!
There is an open door here.
The shadow imp shouts, "Crawl home, thou fulsome tip-merry scut!"
There is a transporter landing site here.
You can't go down here!
You can't go up here!
The shadow imp gestures at you. Pain shoots through your body!
* * * LOW HITPOINT WARNING * * *
The shadow imp picks up a beetle and eats it.
Okay, then.
Unknown command.
Okay, then.
Unknown command.
There is an open door here.
Okay, then.
The shadow imp grins evilly.
The shadow imp shouts, "Go and return not, thou bootless folly-fallen hugger-mugger!"
The orc priest mumbles some strange prayers to Beogh against you.
Beogh smites you! The Shining One protects you from harm!
There is an open door here.
Okay, then.
The shadow imp gestures at you. Pain shoots through your body!
* * * LOW HITPOINT WARNING * * *
The shadow imp sputters.
You hit the plant.
The plant begins to die.
The plant is lightly damaged.
The shadow imp gestures at you. Pain shoots through your body!
You die...

####...#### .#..# #
#.........# (..## #
##.###.###.#######.# # #
#..................# # ..
...###############..# #
... ##.#8P#....5o5#P8#..##
#
#.###.#P.#≈≈≈≈≈≈≈#.P#...#
##
.#.....#$.#..PP~.(#..#...#
#.
......©#©(+..~♣Ph.'.©#©..#
#.#
.......#$.#.!~~~..#..#..##
##.
#......#P.#≈≈≈≈≈≈≈#.P#.##
##
##...#.#8~#.....5.#P8#.# #
...###.###############.##
####....................#
#.###.###.######.####.# #.
##.##.# #.# .# #. #.#.#
#.# .#


You could see an orc priest and 3 shadow imps.

Vanquished Creatures
  A worm (D:3)
  2 dart slugs
  2 orcs
  5 ball pythons
  3 endoplasms (D:1)
  2 giant cockroaches (D:1)
  3 goblins
  3 hobgoblins (D:3)
  2 jackals (D:1)
  4 quokkas
  2 bats
  3 frilled lizards
  A kobold (D:2)
  6 rats
39 creatures vanquished.

Notes
Turn   | Place    | Note
-------+----------+-------------------------------------------
     0 | D:1      | santy the Human Fighter began the quest for the Orb.
     0 | D:1      | Reached XP level 1. HP: 18/18 MP: 1/1
    65 | D:1      | Found Cetsus's Distillery.
    91 | D:1      | Reached XP level 2. HP: 24/24 MP: 2/2
   991 | D:2      | Reached XP level 3. HP: 29/29 MP: 3/3
  1027 | D:2      | Found a faded altar of an unknown god.
  1042 | D:2      | Prayed at the altar of an unknown god.
  1042 | D:2      | Became a worshipper of the Shining One
  1042 | D:2      | Reached * piety under the Shining One
  2736 | D:3      | Found a glowing silver altar of Zin.
  3401 | D:4      | Reached XP level 4. HP: 35/35 MP: 4/4
  3530 | D:4      | Found a transporter.
  3537 | D:4      | Found a transporter.
  3631 | D:4      | The Shining One protects you from harm!
  3632 | D:4      | HP: 1/35 [shadow imp/nerve-wracking pain (4)]
  3634 | D:4      | Killed from afar by a shadow imp

Illustrated notes

Levels and vault maps discovered:
D:1:      minmay_arrival_radiant_lines, layout_loops_ring, serial_shops,
          nicolae_shop_tiny_glass
D:2:      layout_basic, serial_shops, nicolae_shop_trees,
          hellmonk_ecumenical_altar_blasted
D:3:      layout_loops_corners, mainiacjoe_overflow_concentric_impassable,
          kennysheep_generic_room_6
D:4:      gammafunk_wand_slinger, layout_loops_corners

Action                     |  1- 3 |  4- 6 || total
---------------------------+-------+-------++-------
  Melee: Long sword        |    91 |     1 ||    92
 Armour: Scale mail        |    71 |       ||    71
  Dodge: Dodged            |    36 |       ||    36
  Block: Buckler           |    21 |       ||    21
   Form: Beast             |     1 |       ||     1

Table legend: (Time is in decaauts)
 A = Elapsed time spent in this place.
 B = Non-inter-level travel time spent in this place.
 C = Inter-level travel time spent in this place.
 D = Time resting spent in this place.
 E = Time spent auto-exploring this place.
 F = Levels seen in this place.
 G = Mean time per level.
                   A        B        C        D        E       F      G
               +--------+--------+--------+--------+--------+-----+--------+
         Total |   3657 |   3616 |     41 |   1764 |      0 |   4 |  914.2 |
       Dungeon |   3657 |   3616 |     41 |   1764 |      0 |   4 |  914.2 |
               +--------+--------+--------+--------+--------+-----+--------+

Top non-repeatable levels by time:
     D:3: 2205 daAuts
     D:1: 835 daAuts
     D:2: 338 daAuts
     D:4: 278 daAuts
